 Dungeon Crawl Stone Soup version 0.19-a0-261-g60b6c46 (webtiles) character file.

2179 LastStarFighter the Slasher (level 9, -10/71 HPs)
             Began as a Formicid Fighter on May 26, 2016.
             Mangled by an orc warrior
             ... wielding a +0 glaive
              (11 damage)
             ... on level 6 of the Dungeon.
             The game lasted 00:23:25 (5989 turns).

LastStarFighter the Slasher (Formicid Fighter)      Turns: 5989, Time: 00:23:25

Health: -10/71     AC: 13    Str: 21    XL:     9   Next: 58%
Magic:  9/9        EV:  6    Int:  8    God:
Gold:   349        SH: 11    Dex: 13    Spells: 0 memorised, 8 levels left

rFire  . . .     SeeInvis +     a - +0 long sword
rCold  . . .     Gourm    .     q - +0 plate armour
rNeg   . . .     Faith    .     c - +0 shield
rPois  .         Spirit   .     (helmet unavailable)
rElec  .         Dismiss  .     (no cloak)
rCorr  .         Reflect  .     (no gloves)
SustAt .         Harm     .     (no boots)
MR     .....                    (no amulet)
Stlth  ..........               (no ring)
                                (no ring)

@: not resistant to hostile enchantments, extremely unstealthy
A: permanent stasis, dig shafts and tunnels, four strong arms, antennae 3
a: Dig, Shaft Self


You were on level 6 of the Dungeon.
You were hungry.

You visited 2 branches of the dungeon, and saw 7 of its levels.
You also visited: Ossuary.

You collected 349 gold pieces.

Inventory:

Hand Weapons
 a - a +0 long sword (weapon)
Armour
 c - a +0 shield (worn)
 q - a +0 plate armour (worn)
Jewellery
 e - a cursed ring of teleportation {unknown}
 E - an uncursed ring of positive energy {unknown}
Scrolls
 h - 2 scrolls of identify {unknown}
 i - a scroll of fog {unknown}
 l - 4 scrolls of teleportation {unknown}
 p - 3 scrolls of recharging {unknown}
 s - a scroll of fear {unknown}
 u - a scroll of magic mapping {unknown}
 v - 2 scrolls of enchant weapon {unknown}
 x - 2 scrolls of remove curse {unknown}
 y - 4 scrolls of noise {unknown}
 A - 2 scrolls of random uselessness {unknown}
Potions
 b - a potion of haste {unknown}
 d - a potion of might
 g - a potion of berserk rage {unknown}
 j - a potion of curing
 n - a potion of cure mutation {unknown}
 o - 2 potions of flight {unknown}
 r - 2 potions of resistance {unknown}
 t - a potion of ambrosia {unknown}
 w - 2 potions of mutation {unknown}
 z - a potion of cancellation {unknown}
 B - a potion of beneficial mutation {unknown}
 C - a potion of lignification {unknown}
Comestibles
 f - 3 bread rations
 k - 2 beef jerkies
 m - 3 meat rations


   Skills:
 + Level 6.6 Fighting
 * Level 7.8 Long Blades
 + Level 7.2 Armour
 + Level 7.1 Shields


You had 8 spell levels left.
You didn't know any spells.

Dungeon Overview and Level Annotations

Branches:
Dungeon (6/15)             Temple (1/1) D:5

Altars:
Ashenzari
Dithmenos
Elyvilon
Fedhas
Gozag
Hepliaklqana
Makhleb
Nemelex Xobeh
Okawaru
Pakellas
Qazlal
Ru
Sif Muna
Trog
Ukayaw
Xom
Yredelemnul
Zin
The Shining One


Innate Abilities, Weirdness & Mutations

You are under a permanent stasis effect.
You can dig through walls and to a lower floor.
Your four strong arms can wield two-handed weapons with a shield.
You have a pair of large antennae on your head. (SInv)


Message History

You block the orc's attack. The orc warrior closely misses you.
You slash the orc!
You kill the orc!
The orc warrior hits you from afar with a glaive!
The orc warrior closely misses you.
Items here: ))) [[[[ ††† You hit the orc warrior but do no damage.
You closely miss the orc warrior. The orc warrior hits you with a glaive.
* * * LOW HITPOINT WARNING * * *
You hit the orc warrior.
The orc warrior is lightly wounded.
The orc warrior hits you with a glaive!!
* * * LOW HITPOINT WARNING * * *
You hit the orc warrior but do no damage.
The orc warrior is lightly wounded.
The orc warrior barely misses you.
You hit the orc warrior.
The orc warrior is moderately wounded.
The orc warrior hits you with a glaive!
You die...

# ##.....##.........
#.#.......#..####...
##.#.......#..# ##.
# #......_......#
##. .#.......#..#
.... #.......#..#
..... ##.....##.##
......####.####.#
......o@........#
.....############
... .


You could see an orc warrior.

Vanquished Creatures
  Sigmund (D:3)
  An orc warrior (D:6)
  3 phantoms
  The ghost of goofnerd the Skirmisher, an amateur DrFi (D:3)
  A centaur (D:5)
  2 ogres (D:5)
  4 elf zombies (Ossuary)
  A giant frog (D:4)
  A scorpion (Temple)
  3 howler monkeys
  3 crimson imps
  2 centaur zombies (Ossuary)
  2 human zombies (Ossuary)
  2 orc priests (D:3)
  A hound (D:5)
  3 iguanas
  An orc wizard (D:6)
  A worker ant (D:4)
  A big kobold zombie (Ossuary)
  A hound zombie (Ossuary)
  3 mummies (Ossuary)
  12 adders
  A shadow imp (D:5)
  2 oozes
  An adder skeleton (D:5)
  3 adder zombies
  3 worms (D:2)
  4 dart slugs (D:1)
  5 giant geckos
  9 orcs
  9 giant cockroaches
  12 goblins
  2 hobgoblins (D:1)
  16 jackals
  2 quokkas (D:3)
  5 bats
  A giant gecko skeleton (D:5)
  A giant gecko zombie (D:5)
  3 giant newts
  A gnoll zombie (Ossuary)
  6 goblin zombies (Ossuary)
  4 hobgoblin zombies (Ossuary)
  8 kobolds
  5 kobold zombies (Ossuary)
  2 quokka zombies (Ossuary)
  11 rats
  2 rat zombies (Ossuary)
168 creatures vanquished.

Notes
Turn   | Place    | Note
--------------------------------------------------------------
     0 | D:1      | LastStarFighter the Formicid Fighter began the quest for the Orb.
     0 | D:1      | Reached XP level 1. HP: 18/18 MP: 1/1
    55 | D:1      | Reached XP level 2. HP: 24/24 MP: 2/2
   203 | D:1      | Reached XP level 3. HP: 27/29 MP: 3/3
   963 | D:2      | Reached XP level 4. HP: 36/37 MP: 4/4
  1251 | D:2      | Found a bloodstained altar of Trog.
  1572 | D:2      | Reached XP level 5. HP: 27/42 MP: 5/5
  1820 | D:3      | Found a basalt altar of Yredelemnul.
  1829 | D:3      | Noticed Sigmund
  2248 | D:3      | Found a burning altar of Makhleb.
  2248 | D:3      | Found a shimmering altar of Xom.
  2589 | D:3      | Reached XP level 6. HP: 37/49 MP: 6/6
  2765 | D:3      | Killed Sigmund
  2765 | D:3      | Reached skill level 5 in Shields
  2765 | D:3      | Reached XP level 7. HP: 41/55 MP: 7/7
  2801 | D:3      | Found a sparkling altar of Nemelex Xobeh.
  2801 | D:3      | Found a white marble altar of Elyvilon.
  2821 | D:3      | Noticed goofnerd's ghost (amateur DrFi)
  3163 | D:3      | Killed goofnerd's ghost
  3163 | D:3      | Reached skill level 5 in Armour
  3181 | D:3      | Found a sacrificial altar of Ru.
  3266 | D:3      | Found a shadowy altar of Dithmenos.
  3267 | D:3      | Found a stormy altar of Qazlal.
  3393 | D:3      | Reached skill level 5 in Long Blades
  3658 | D:4      | Found a shattered altar of Ashenzari.
  3668 | D:4      | Reached skill level 5 in Fighting
  3817 | D:4      | Reached XP level 8. HP: 62/62 MP: 8/8
  3826 | D:4      | Found a sand-covered staircase.
  3837 | Ossuary  | Entered an ossuary
  4567 | D:5      | Entered Level 5 of the Dungeon
  4630 | D:5      | Reached XP level 9. HP: 69/69 MP: 9/9
  4791 | D:5      | Found a staircase to the Ecumenical Temple.
  4857 | Temple   | Entered the Ecumenical Temple
  5286 | D:5      | Found a shimmering altar of Xom.
  5293 | D:5      | Got a slimy leather armour
  5304 | D:5      | Identified the +2 leather armour of Egalitarianism {rElec rF+ Str-3 SInv} (You found it on level 5 of the Dungeon)
  5541 | D:5      | Found a deep blue altar of Sif Muna.
  5940 | D:6      | Found an iron altar of Okawaru.
  5987 | D:6      | HP: 1/71 [orc warrior/glaive (18)]
  5989 | D:6      | Mangled by an orc warrior

Vault maps used:
D:1:      lemuel_arrival_tunnels, st_stairs_13, minmay_misc_feat_square
D:2:      overflow_temple_1_default
D:3:      grunt_temple_overflow_champion_of_chaos, minitemple,
          nicolae_overflow_quartered_altars, uniq_sigmund
D:4:      nicolae_overflow_crystal_walls, enter_ossuary_1, portal_sewer_entry_e
D:5:      minmay_temple_entry_mist, basic_altar, first_bread,
          lemuel_blue_sif_altar
D:6:      old_standard_altar, serial_shops, shop
Temple:   nicolae_temple_great_sept
Ossuary:  minmay_ossuary_two_tombs

Skill      XL: |  1  2  3  4  5  6  7  8  9 |
---------------+----------------------------+-----
Shields        | 4 5 6 7 |  7.1
Long Blades    | 3 4 5 6 7 |  7.8
Armour         | 4 5 6 7 |  7.2
Fighting       | 4 5 6 |  6.6

Action                   |  1- 3 |  4- 6 |  7- 9 || total
-------------------------+-------+-------+-------++-------
Melee: Long sword        |    90 |   205 |   637 ||   932
 Abil: Dig               |       |       |     3 ||     3
  Use: Potion            |       |     1 |       ||     1
 Stab: Invisible         |       |     3 |       ||     3
  Eat: Chunk             |       |     5 |     7 ||    12
       Pizza             |       |       |     1 ||     1
       Bread ration      |       |       |     1 ||     1
Armor: Scale mail        |    24 |    48 |       ||    72
       Plate armour      |       |    75 |   325 ||   400
Dodge: Dodged            |    26 |    47 |   135 ||   208
Block: Shield            |    44 |   122 |   366 ||   532
